 Dungeon Crawl Stone Soup version 0.26-a0-490-gf8362a0c98 (webtiles) character file.

Game seed: 8520768347967412736

536 ANON1729 the Sneak (level 7, -2/64 HPs)
             Began as a Deep Dwarf Delver on Aug 4, 2020.
             Slain by Prince Ribbit (9 damage)
             ... on level 5 of the Dungeon.
             The game lasted 00:10:21 (2320 turns).

ANON1729 the Sneak (Deep Dwarf Delver)              Turns: 2320, Time: 00:10:22

Health: -2/64      AC: 14    Str: 15    XL:     7   Next: 4%
Magic:  6/6        EV:  8    Int: 11    God:
Gold:   63         SH:  0    Dex: 19    Spells: 6/6 levels left

rFire    + . .     SeeInvis .   a - +0 hand axe
rCold    . . .     Faith    .   (no shield)
rNeg     . . .     Spirit   .   l - +4 chain mail of Qazlal's Scorn {*Corrode rElec rF+}
rPois    .         Reflect  .   (no helmet)
rElec    +         Harm     .   j - +0 cloak
rCorr    .                      (no gloves)
MR       ++...                  k - +0 pair of boots "Mumupe" {MR+ Str-2 Dex+5}
Stlth    +.........             (no amulet)
HPRegen  0.00/turn              (no ring)
MPRegen  0.10/turn              (no ring)

@: non-regenerating
A: damage resistance, heal wounds, sense surroundings 1, no regeneration
a: Heal Wounds


You were on level 5 of the Dungeon.
You visited 1 branch of the dungeon, and saw 3 of its levels.

You collected 63 gold pieces.

Inventory:

Hand Weapons
 a - a +0 hand axe (weapon)
Armour
 b - a +0 leather armour
 j - a +0 cloak (worn)
 k - the +0 pair of boots "Mumupe" (worn) {MR+ Str-2 Dex+5}
   (You found it on level 5 of the Dungeon)

   It affects your strength (-2).
   It affects your dexterity (+5).
   It affects your resistance to hostile enchantments.
 l - the +4 chain mail of Qazlal's Scorn (worn) {*Corrode rElec rF+}
   (You found it on level 5 of the Dungeon)

   It protects you from fire.
   It insulates you from electricity.
   It may corrode you when you take damage.
Jewellery
 m - an uncursed ring of ice {unknown}
Wands
 g - a wand of digging (3)
Scrolls
 c - a scroll of fog
 d - 2 scrolls of magic mapping
 e - a scroll of fear
 i - 2 scrolls of remove curse
 n - a scroll of identify {unknown}
Potions
 f - a potion of haste
 h - a potion of heal wounds {unknown}


   Skills:
 + Level 4.3 Fighting
 + Level 4.6 Axes
 + Level 4.5 Dodging
 + Level 7.7 Stealth


You had 6 spell levels left.
You didn't know any spells.
Your spell library was empty.

Dungeon Overview and Level Annotations

Branches:
Dungeon (7/15)
 Temple: D:4-7

Altars:
Ashenzari
Dithmenos
Hepliaklqana
Yredelemnul

Annotations:
D:5 Prince Ribbit
D:6 exclusions: black bear and orc warrior


Innate Abilities, Weirdness & Mutations

You are resistant to damage.
You can heal yourself by infusing magical energy.
You passively map a small area around you.
You do not regenerate.


Message History

(D) Dungeon
Where to? (Enter - D:5, ? - help)
You see here a jackal skeleton.
Prince Ribbit croaks.
Prince Ribbit is nearby!
Prince Ribbit blinks!
Prince Ribbit blinks!
Prince Ribbit hits you!
* * * LOW HITPOINT WARNING * * *
You see here 24 arrows.
Prince Ribbit hits you.
* * * LOW HITPOINT WARNING * * *
You hit Prince Ribbit.
Prince Ribbit is lightly wounded.
Prince Ribbit hits you but does no damage.
Prince Ribbit barely misses you.
Prince Ribbit blinks!
Prince Ribbit hits you!
* * * LOW HITPOINT WARNING * * *
You miss Prince Ribbit. Prince Ribbit hits you!
You die...

........####......# #..#....
######...)....<...#..#####..#####
#..####...#.<#....Zg#..#....
#..####..##..#....Sg#..#....
#.)..........#####ZZ#..#..##
#............# .....#..#....
#######..##.##......#..#....
#..##F#*..#####..#####
#..##@#*.....a#..# ,
#..##(##......#..# ,
#######.....#####..#..#,
#..........## .....#..#.,,
#.#####.#### ......#..#... #.#
#.# ..### #..##### ### #.# #.#
..,,,,.... ..# #.#####.# * , ....
#.# #F##....# * #####


You could see Prince Ribbit.

Vanquished Creatures
  2 phantoms (D:5)
  2 bullfrogs (D:6)
  A scorpion (D:5)
  A jelly (D:5)
  An orc priest (D:5)
  An orc wizard (D:7)
  A worker ant (D:5)
  A hound zombie (D:5)
  2 adders
  A shadow imp (D:5)
  2 ufetubi (D:5)
  5 orcs
  A giant cockroach (D:6)
  6 jackals (D:5)
  A quokka (D:5)
  A leopard gecko skeleton (D:5)
  A quokka skeleton (D:5)
30 creatures vanquished.

Vanquished Creatures (others)
  An orc (D:7)
1 creature vanquished.

Grand Total: 31 creatures vanquished

Notes
Turn   | Place    | Note
-------+----------+-------------------------------------------
     0 | D:5      | ANON1729 the Deep Dwarf Delver began the quest for the Orb.
     0 | D:5      | Reached XP level 1. HP: 20/20 MP: 1/1
     2 | D:5      | Found a shattered altar of Ashenzari.
     4 | D:5      | Noticed Prince Ribbit
    21 | D:6      | Noticed an orc wizard
    46 | D:6      | Noticed a hound
    54 | D:6      | HP: 1/20 [white imp/puff of frost (5)]
    60 | D:6      | Noticed a bullfrog
    62 | D:6      | Noticed an orc warrior
    99 | D:6      | Killed a bullfrog
    99 | D:6      | Reached XP level 2. HP: 26/28 MP: 2/2
    99 | D:6      | Reached XP level 3. HP: 32/34 MP: 3/3
   519 | D:6      | Noticed a bullfrog
   532 | D:6      | Killed a bullfrog
   532 | D:6      | Reached XP level 4. HP: 38/42 MP: 4/4
   606 | D:6      | Reached XP level 5. HP: 43/49 MP: 5/5
   753 | D:6      | Noticed a black bear
   773 | D:7      | Found a hazy altar of Hepliaklqana.
   954 | D:5      | Reached skill level 7 in Stealth
  1002 | D:5      | Found a shadowy altar of Dithmenos.
  1011 | D:5      | Found a basalt altar of Yredelemnul.
  1050 | D:5      | Got a pair of jewelled boots
  1064 | D:5      | Identified the +0 pair of boots "Mumupe" {MR+ Str-2 Dex+5}
                  | (You found it on level 5 of the Dungeon)
  1189 | D:5      | Got a twisted chain mail
  1200 | D:5      | Identified the +4 chain mail of Qazlal's Scorn {*Corrode
                  | rElec rF+} (You found it on level 5 of the Dungeon)
  1493 | D:5      | Noticed a phantom
  1600 | D:5      | Reached XP level 6. HP: 31/57 MP: 6/6
  1815 | D:5      | Reached XP level 7. HP: 38/64 MP: 6/6
  2320 | D:5      | Slain by Prince Ribbit

Illustrated notes

Levels and vault maps discovered:
D:5:      kennysheep_windowed_halls, layout_loops_ring,
          nicolae_overflow_hidden_temple, amethyst_overflow_temple_binary,
          uniq_prince_ribbit1
D:6:      layout_rooms
D:7:      layout_gridville, overflow_temple_1_default,
          nicolae_overflow_crystal_walls, uniq_pikel

Skill      XL: |  1  2  3  4  5  6 |
---------------+-------------------+-----
Fighting       | 3 4 |  4.3
Axes           | 3 4 |  4.6
Dodging        | 3 4 |  4.5
Stealth        | 7 |  7.7

Action                   |  1- 3 |  4- 6 |  7- 9 || total
-------------------------+-------+-------+-------++-------
Melee: Hand axe          |    31 |   196 |    44 ||   271
 Abil: Heal Wounds       |     3 |     5 |     1 ||     9
  Use: Scroll            |       |     1 |       ||     1
       Potion            |       |     2 |       ||     2
Armor: Leather armour    |    12 |     7 |       ||    19
       Chain mail        |       |   111 |    31 ||   142
Dodge: Dodged            |    24 |    86 |    22 ||   132

Table legend: (Time is in decaauts)
 A = Elapsed time spent in this place.
 B = Non-inter-level travel time spent in this place.
 C = Inter-level travel time spent in this place.
 D = Time resting spent in this place.
 E = Time spent auto-exploring this place.
 F = Levels seen in this place.
 G = Mean time per level.
                   A        B        C        D        E       F      G
               +--------+--------+--------+--------+--------+-----+--------+
         Total |   2361 |   2294 |     67 |    917 |    535 |   3 |  787.0 |
       Dungeon |   2361 |   2294 |     67 |    917 |    535 |   3 |  787.0 |
               +--------+--------+--------+--------+--------+-----+--------+

Top non-repeatable levels by time:
     D:5: 1435 daAuts
     D:6: 887 daAuts
     D:7: 38 daAuts
